Description

from Pig B2GM 2023 – New Variation for TvP (only up to +1/0)

Build Order

Get SALT Encoding   

  12  0:00  SCV  
  13  0:12  SCV  
  14  0:16  Supply Depot  
  14  0:24  SCV  
  15  0:38  SCV  
  15  0:39  Barracks  
  16  0:45  Refinery  
  16  0:50  SCV  
  17  1:02  SCV  
  18  1:14  SCV  
  19  1:26  Orbital Command  
  19  1:29  Reaper  
  20  1:43  Command Center  
  20  1:55  Supply Depot  
  20  1:58  SCV  
  20  2:01  Marine  
  22  2:08  Factory  
  22  2:14  SCV  
  23  2:20  Refinery  
  23  2:23  Barracks Reactor  
  23  2:27  Bunker  
  23  2:32  SCV  
  25  2:56  Orbital Command  
  25  2:59  Starport  
  25  3:01  Factory Tech Lab  
  26  3:09  Supply Depot  
  27  3:20  Marine x2  
  29  3:29  Siege Tank  
  29  3:33  Supply Depot  
  34  3:44  Marine x2  
  36  3:49  Liberator  
  41  3:58  Supply Depot  
  43  4:16  Factory Reactor  
  44  4:17  Barracks x4  
  44  4:25  Refinery x2  
  46  4:35  Engineering Bay  
  49  4:52  Starport Reactor  
  53  5:05  Stimpack  
  53  5:14  Factory Tech Lab  
  53  5:24  Barracks Tech Lab  
  55  5:26  Terran Infantry Weapons Level 1  
  63  5:46  Starport Reactor  
  63  5:47  Combat Shield, Concussive Shells  
  82  6:30  Medivac x2  
  55  7:00  Terran Infantry Armor Level 1  
Spawning Tool Build Advisor. Get it on Overwolf

Go to:

Details

  • Created by: Redwood
  • Published on: Aug 13, 2025
  • Modified on: Aug 13, 2025
  • Patch: 5.0.11
  • Difficulty: Easy
Show
View Real Time Build Order
Export as new Build Order

Comments (0)

There are no comments. Be the first!

Create an account to comment!